 Dungeon Crawl Stone Soup version 0.18-b1-22-ge198996 (webtiles) character file.

67 Alarkh the Poker (level 3, -1/27 HPs)
             Began as a Mummy Skald on May 4, 2016.
             Slain by an adder (5 damage)
             ... on level 2 of the Dungeon.
             The game lasted 00:01:40 (1123 turns).

Alarkh the Poker (Mummy Skald)                      Turns: 1123, Time: 00:01:41

Health: -1/27      AC:  3    Str: 15    XL:     3   Next: 98%
Magic:  2/6        EV: 11    Int: 12    God:
Gold:   31         SH:  0    Dex: 11    Spells: 3 memorised, 1 level left

rFire  x . .     SeeInvis .     a - +0 spear
rCold  + . .     Gourm    .     b - +0 leather armour
rNeg   + + +     Faith    .     (no shield)
rPois  ∞         Spirit   .     (no helmet)
rElec  .         Dismiss  .     (no cloak)
rCorr  .         Reflect  .     (no gloves)
SustAt .         Harm     .     (no boots)
MR     .....                    e - amulet of magic regeneration
Stlth  +.........               (no ring)
                                (no ring)

@: infused, not resistant to hostile enchantments, very unstealthy
A: no food or potions, fire vulnerability, cold resistance 1, negative energy
resistance 3, torment resistance, unbreathing
a: no special abilities


You were on level 2 of the Dungeon.
You were not hungry.

You visited 1 branch of the dungeon, and saw 2 of its levels.

You collected 31 gold pieces.

Inventory:

Hand Weapons
 a - a +0 spear (weapon)
 i - a +0 halberd
Armour
 b - a +0 leather armour (worn)
Jewellery
 e - an amulet of magic regeneration (around neck)
Scrolls
 d - a scroll of identify {unknown}
 f - a scroll of noise {unknown}
 g - a scroll of remove curse {unknown}
 h - 2 scrolls of magic mapping {unknown}
Books
 c - a book of Battle

   Spells                             Type                      Level
   a - Infusion                       Charms                       1
   b - Shroud of Golubria             Charms/Translocation         2
   c - Song of Slaying                Charms                       2
   d - Spectral Weapon                Hexes/Charms                 3
   e - Regeneration                   Charms/Necromancy            3


   Skills:
 - Level 2.0 Fighting
 * Level 3.1 Polearms
 - Level 0.7 Armour
 - Level 0.7 Dodging
 + Level 2.3 Spellcasting
 + Level 2.6 Charms


You had one spell level left.
You knew the following spells:

 Your Spells              Type           Power        Failure   Level  Hunger
a - Infusion              Chrm           #...         12%         1    N/A
b - Song of Slaying       Chrm           #.......     17%         2    N/A
c - Shroud of Golubria    Chrm/Tloc      #.........   34%         2    N/A

Dungeon Overview and Level Annotations

Branches:
Dungeon (2/15)

Altars:


Innate Abilities, Weirdness & Mutations

You do not eat or drink.
Your flesh is vulnerable to fire.
You are immune to poison.
Your flesh is cold resistant.
You are immune to negative energy.
You are immune to unholy pain and torment.
You can survive without breathing.


Message History

Aim: a gnoll, wielding a whip (almost dead)
You closely miss the gnoll.
The gnoll is almost dead.
The gnoll hits you with a whip.
* * * LOW HITPOINT WARNING * * *
Your shroud falls apart!
Attack whom?
Press: ? - help, Dir - move target cursor, f/p - gnoll
Aim: a gnoll, wielding a whip (almost dead)
You hit the gnoll.
You kill the gnoll!
Attack whom?
Press: ? - help, Dir - move target cursor, f - adder
Aim: an adder You closely miss the adder.
The adder barely misses you.
Casting: Shroud of Golubria
Confirm with . or Enter, or press ? or * to list all spells.
You extend your infusion's duration.
The adder bites you but does no damage. The adder bites you.
You die...

#.#..# ##......#
#.#..# #.###..#
..#..####.###..#
..#..#.........###
.......##.###.##.#
..........# #.##.###
.......##.###......#
....g.%....##....###
.....#.##..##.##@#
#.#))####..##.##S#
#....# #..##.##†#
.....# #..##.##.#
....#####S....##.#
..........=g.....#
..#..###..###.####
###..# #.. #.# ##.#
#.. ###


You could see an adder.

Vanquished Creatures
  2 gnolls (D:2)
  An adder (D:2)
  An ooze (D:1)
  3 bats
  3 giant cockroaches
  4 goblins
  7 hobgoblins (D:1)
  3 kobolds (D:1)
  A giant newt (D:1)
  8 rats
33 creatures vanquished.

Notes
Turn   | Place    | Note
--------------------------------------------------------------
     0 | D:1      | Alarkh the Mummy Skald began the quest for the Orb.
     0 | D:1      | Reached XP level 1. HP: 16/16 MP: 3/3
    66 | D:1      | Reached skill level 2 in Polearms
   123 | D:1      | Reached XP level 2. HP: 8/22 MP: 5/5
   784 | D:1      | Reached XP level 3. HP: 21/27 MP: 3/6
   952 | D:2      | Learned a level 2 spell: Song of Slaying
   956 | D:2      | Learned a level 2 spell: Shroud of Golubria
   967 | D:2      | Reached skill level 3 in Polearms
  1123 | D:2      | Slain by an adder

Skill      XL: |  1  2  3 |
---------------+----------+-----
Polearms       | 2 3 |  3.1
Fighting       | |  2.0
Armour         | |  0.7
Dodging        | |  0.7
Spellcasting   | |  2.3
Charms         | |  2.6

Action                   || total
-------------------------++-------
Melee: Spear             ||   107
       Halberd           ||     4
 Cast: Infusion          ||    17
       Shroud of Golubri ||     2
Armor: Leather armour    ||    21
Dodge: Dodged            ||    39
